 Dungeon Crawl Stone Soup version 0.28.0-45-g0d030f2227 (webtiles) character file.

Game seed: 11683262500374247633

254 MisterFreud the Ruffian (level 6, -1/51 HPs)
             Began as a Ghoul Monk on Apr 2, 2022.
             Was a Believer of Makhleb.
             Killed from afar by an orc wizard (6 damage)
             ... with a puff of flame
             ... on level 4 of the Dungeon.
             The game lasted 00:03:23 (3516 turns).

MisterFreud the Ruffian (Ghoul Monk)                Turns: 3516, Time: 00:03:23

Health: -1/51      AC:  3    Str: 17    XL:     6   Next: 15%
Magic:  5/5        EV: 12    Int:  5    God:    Makhleb [**....]
Gold:   137        SH:  0    Dex: 11    Spells: 5/5 levels left

rFire   . . .      SeeInvis .     - Unarmed
rCold   + . .      Faith    .   (no shield)
rNeg    + + +      Spirit   .   a - +0 robe
rPois   ∞          Reflect  .   m - +0 helmet
rElec   .          Harm     .   (no cloak)
rCorr   .          Rampage  .   (no gloves)
Will    .....                   (no boots)
Stlth   +.........              (no amulet)
HPRegen 0.00/turn               (no ring)
MPRegen 0.09/turn               (no ring)

@: confused, inhibited regen
A: claws 1, cold resistance 1, negative energy resistance 3, inhibited
regeneration, torment resistance 2
a: Renounce Religion, Minor Destruction


You were on level 4 of the Dungeon.
You worshipped Makhleb.
Makhleb was pleased with you.
You visited 2 branches of the dungeon, and saw 5 of its levels.

You collected 137 gold pieces.

Inventory:

Missiles
 g - 5 poisoned darts (quivered)
 q - 2 boomerangs
Armour
 a - a +0 robe (worn)
 m - a +0 helmet (worn)
Jewellery
 k - an amulet of faith
Wands
 h - a wand of flame (9)
 i - a wand of mindburst (14)
Scrolls
 e - 5 scrolls of identify {unknown}
 f - a scroll of vulnerability {unknown}
 j - a scroll of immolation {unknown}
 o - a scroll of fog {unknown}
 p - a scroll of blinking {unknown}
 r - a scroll of summoning {unknown}
 t - a scroll of amnesia {unknown}
Potions
 b - 2 potions of attraction {unknown}
 c - a potion of degeneration {unknown}
 d - a potion of berserk rage {unknown}
 l - 2 potions of haste {unknown}
 n - a potion of brilliance {unknown}
 s - a potion of curing {unknown}
 u - a potion of magic {unknown}


   Skills:
 - Level 3.2 Fighting
 - Level 2.6 Dodging
 - Level 2.1 Stealth
 + Level 7.3 Unarmed Combat


You had 5 spell levels left.
You didn't know any spells.
Your spell library contained the following spells:

 Spells                   Type           Power      Damage    Failure   Level
 Conjure Flame            Conj/Fire      0%         6-21      85%         3
 Ignite Poison            Fire/Tmut/Pois 0%         N/A       85%         3
 Mephitic Cloud           Conj/Pois/Air  0%         N/A       85%         3
 Tukima's Dance           Hex            0%         N/A       85%         3
 Passage of Golubria      Tloc           0%         N/A       99%         4
 Sticky Flame             Conj/Fire      0%         2d3       99%         4
 Freezing Cloud           Conj/Ice/Air   0%         6-21      100%        5
 Yara's Violent Unravell  Hex/Tmut       0%         3d3       100%        5


Dungeon Overview and Level Annotations

Branches:
Dungeon (4/15)             Temple (1/1) D:4

Altars:
Ashenzari
Cheibriados
Dithmenos
Gozag
Hepliaklqana
Makhleb
Nemelex Xobeh
Qazlal
Ru
Sif Muna
Trog
Uskayaw
Wu Jian
Yredelemnul


Innate Abilities, Weirdness & Mutations

You thrive by killing the living.
You are immune to poison.
You have sharp fingernails.
Your flesh is cold resistant. (rC+)
You are immune to negative energy. (rN+++)
You do not regenerate when monsters are visible.
You are immune to unholy pain and torment.


Message History

You scratch the orc.
The orc is heavily wounded.
Something hits you. The orc hits you with a +0 falchion.
You closely miss the orc. Your claw misses the orc.
The orc is heavily wounded.
Something hits you but does no damage. The orc hits you but does no damage.
You are too injured to fight recklessly!
You claw the orc!
You kill the orc!
Makhleb accepts your kill.
You feel better. Something hits you.
You barely miss the orc. The orc closely misses you.
You barely miss something.
You hear some strange, mumbled words.
You are confused.
You bump into the rock wall.
The orc hits you with a +0 short sword. Something hits you.
* * * LOW HITPOINT WARNING * * *
You bump into the rock wall.
The orc hits you with a +0 short sword.
* * * LOW HITPOINT WARNING * * *
You hear some strange, mumbled words.
You are more confused.
You closely miss the orc. The orc hits you with a +0 short sword.
* * * LOW HITPOINT WARNING * * *
Something hits you but does no damage.
You completely miss the orc. The orc closely misses you. Something hits you.
* * * LOW HITPOINT WARNING * * *
You bump into the rock wall.
The orc closely misses you. Something hits you.
* * * LOW HITPOINT WARNING * * *
You miss something. The orc misses you. Something hits you.
* * * LOW HITPOINT WARNING * * *
You bump into the rock wall.
An orc wizard appears from thin air!
Reactivating autopickup.
The orc barely misses you. The orc wizard completely misses you.
You bump into the stone wall.
The orc closely misses you. The orc wizard closely misses you.
You bump into the rock wall.
The orc closely misses you. The orc wizard casts a spell at you.
The puff of flame hits you.
You die...

#.......#
#.##.##.##
#.#......#
#.###..###
#.#......#
#.##.##.##
#.#......#
#######o#.####[#
#.....o@#......#
#.
#.########.##.##
#.## #......#
##... ###..###.
#...
#......#.###..##
##.##.##.......#
#....##.....#.#
##.....####....#
#.......).......


You could see an orc wizard and an orc.

Vanquished Creatures
  An ogre (D:4)
  An iguana (Temple)
  Robin (D:3)
  3 adders
  An ufetubus (D:4)
  A worm (D:2)
  9 orcs
  6 bats
  4 endoplasms (D:1)
  A giant cockroach (D:2)
  8 hobgoblins
  2 jackals (D:1)
  5 quokkas
  8 ball pythons
  5 frilled lizards
  14 goblins
  8 kobolds
  5 rats
83 creatures vanquished.

Vanquished Creatures (others)
  A quokka (D:4)
  A kobold (D:2)
2 creatures vanquished.

Grand Total: 85 creatures vanquished

Notes
Turn   | Place    | Note
-------+----------+-------------------------------------------
     0 | D:1      | MisterFreud the Ghoul Monk began the quest for the Orb.
     0 | D:1      | Reached XP level 1. HP: 19/19 MP: 0/0
    46 | D:1      | Reached XP level 2. HP: 14/26 MP: 1/1
   211 | D:1      | Reached skill level 4 in Unarmed Combat
   404 | D:1      | Found a faded altar of an unknown god.
   470 | D:1      | Reached XP level 3. HP: 26/31 MP: 2/2
  1137 | D:2      | Reached skill level 5 in Unarmed Combat
  1482 | D:2      | Reached XP level 4. HP: 34/38 MP: 3/3
  2404 | D:3      | Noticed Robin
  2448 | D:3      | Killed Robin
  2594 | D:3      | Reached skill level 6 in Unarmed Combat
  2808 | D:3      | Reached XP level 5. HP: 45/45 MP: 4/4
  3130 | D:4      | Found a staircase to the Ecumenical Temple.
  3148 | D:4      | Noticed an ogre
  3159 | Temple   | Entered the Ecumenical Temple
  3196 | Temple   | Became a worshipper of Makhleb the Destroyer
  3196 | Temple   | Reached * piety under Makhleb
  3196 | Temple   | Reached ** piety under Makhleb
  3215 | D:4      | Killed an ogre
  3216 | D:4      | Reached skill level 7 in Unarmed Combat
  3216 | D:4      | Reached XP level 6. HP: 33/51 MP: 5/5
  3516 | D:4      | Killed from afar by an orc wizard

Illustrated notes

Levels and vault maps discovered:
D:1:      dpeg_arrival_simpleton_b, layout_loops_ring,
          hellmonk_ecumenical_altar_pennies_from_heaven, nrook_mini_vaults,
          minmay_pentomino_o2
D:2:      layout_rooms, lemuel_flame_loot_1
D:3:      layout_basic, uniq_robin
D:4:      layout_loops_ring, elyvilon_altar_4, nicolae_tso_swordbearing_angel,
          minmay_temple_entry_offerings, minmay_misc_feat_alley
Temple:   eino_temple_lava

Skill      XL: |  1  2  3  4  5 |
---------------+----------------+-----
Unarmed Combat | 4 5 6 7 |  7.3
Fighting       | |  3.2
Dodging        | |  2.6
Stealth        | |  2.1

Action                   |  1- 3 |  4- 6 || total
-------------------------+-------+-------++-------
Melee: Unarmed           |    90 |   148 ||   238
       Punch             |     1 |     2 ||     3
 Stab: Distracted        |     1 |       ||     1
       Sleeping          |     2 |     1 ||     3
Armor: Robe              |    14 |    25 ||    39
Dodge: Dodged            |    58 |   100 ||   158
